 Dungeon Crawl Stone Soup version 0.31.0-32-g396128a36d (webtiles) character file.

Game seed: 17738624538772051399

914 Cheops the Cleaver (level 7, -4/57 HPs)
             Began as a Minotaur Fighter on Apr 8, 2024.
             Was an Initiate of Okawaru.
             Slain by a gnoll
             ... wielding a +0 spear
             ... led by a gnoll bouda
              (5 damage)
             ... on level 5 of the Dungeon on Apr 10, 2024.
             The game lasted 00:08:52 (3747 turns).

Cheops the Cleaver (Minotaur Fighter)               Turns: 3747, Time: 00:08:52

Health: -4/57      AC:  9    Str: 27    XL:     7   Next: 82%
Magic:  6/6        EV:  8    Int:  4    God:    Okawaru [......]
Gold:   133        SH:  4    Dex:  8    Spells: 6/6 levels left

rFire   . . .        a - +0 war axe
rCold   . . .        c - +0 buckler
rNeg    . . .        r - +0 chain mail
rPois   .            (helmet restricted)
rElec   .            (no cloak)
rCorr   .            (no gloves)
SInv    .            (no boots)
Will    .....        (no amulet) Stlth
                     (no ring)
HPRegen 1.09/turn    (no ring)
MPRegen 0.10/turn

%: no passive effects
@: mighty, lethally poisoned (-4 -> -5), attractive, hasted, very quick
A: horns 2, retaliatory headbutt, regeneration 1, strong 1
a: Renounce Religion


You were on level 5 of the Dungeon.
You worshipped Okawaru.
Okawaru was noncommittal.
You visited 2 branches of the dungeon, and saw 6 of its levels.

You collected 133 gold pieces.

Inventory:

Hand Weapons
 a - a +0 war axe (weapon)
 m - the +7 staff of the Meek {protect, meekguard}
   (You found it on level 3 of the Dungeon)
Armour
 b - a +0 scale mail
 c - a +0 buckler (worn)
 f - a +2 ring mail of positive energy
 r - a +0 chain mail (worn)
Wands
 k - a wand of iceblast (13)
Scrolls
 e - a scroll of vulnerability {unknown}
 g - 3 scrolls of enchant weapon {unknown}
 i - 2 scrolls of identify {unknown}
 n - 2 scrolls of noise {unknown}
 p - a scroll of teleportation {unknown}
 q - a scroll of revelation {unknown}
Potions
 h - a potion of haste
 o - a potion of curing {unknown}


   Skills:
 - Level 3.6 Fighting
 + Level 10.5 Axes
 - Level 3.6 Armour
 * Level 4.8 Shields


You had 6 spell levels left.
You didn't know any spells.
Your spell library contained the following spells:

 Spells                   Type           Power      Damage    Failure   Level
 Magic Dart               Conj           0%         1d3       97%         1
 Sandblast                Erth           0%         2d4       97%         1
 Searing Ray              Conj           0%         2d4       99%         2
 Passwall                 Erth           0%         N/A       100%        3
 Stone Arrow              Conj/Erth      0%         3d7       100%        3
 Volatile Blastmotes      Fire/Tloc      0%         2d10      100%        3
 Brom's Barrelling Bould  Conj/Erth      0%         2d3       100%        4
 Fulminant Prism          Conj/Alch      0%         3d5       100%        4
 Iskenderun's Mystic Bla  Conj/Tloc      0%         2d3       100%        4


Dungeon Overview and Level Annotations

Branches:
Dungeon (5/15)             Temple (1/1) D:4

Altars:
Ashenzari
Cheibriados
Elyvilon
Fedhas
Gozag
Makhleb
Okawaru
Ru
Sif Muna
Trog
Uskayaw
Xom
Yredelemnul
The Shining One


Innate Abilities, Weirdness & Mutations

You have a pair of horns on your head.
You reflexively headbutt those who attack you in melee.
Your natural rate of healing is unusually fast.
Your muscles are strong. (Str +4, Int/Dex -1)


Message History

Okawaru accepts your kill.
The gnoll is no longer moving quickly.
The gnoll throws a poisoned dart.
The poisoned dart hits you!
You are poisoned.
The gnoll hits you from afar with a +0 spear!
* * * LOW HITPOINT WARNING * * *
Unknown command.
Unknown command.
Unknown command.
Found a scroll labelled EDAEBYLIVU.
* * * LOW HITPOINT WARNING * * *
You feel sick. The gnoll barely misses you. You furiously retaliate!
You headbutt the gnoll. The phantom hits you.
* * * LOW HITPOINT WARNING * * *
The phantom blinks!
You blink.
Unknown command.
Unknown command.
Unknown command.
Unknown command.
It was a potion of haste.
You feel yourself speed up.
* * * LOW HITPOINT WARNING * * *
You feel sick. The phantom hits you.
* * * LOW HITPOINT WARNING * * *
Unknown command.
Unknown command.
Unknown command.
It was a potion of mutation.
You feel extremely strange.
You feel stronger.
You begin to heal more quickly.
* * * LOW HITPOINT WARNING * * *
You feel sick.
The phantom hits you but does no damage.
Unknown command.
Unknown command.
Unknown command.
It was a potion of attraction.
You feel attractive to monsters.
* * * LOW HITPOINT WARNING * * *
You feel sick.
The gnoll hits you from afar with a +0 spear.
You die...

#.........................
#................... ....
#.#................ ....
##.#..###...###...# ?.#
......# #...# #.).# ...#
###...###...###...###...###
#...............l).......
#..............)gg.......
#.............@.g........
#...###...###W..###...###
#...# #...# #...# ...#
#...# #...# #...# ..#
#................. ....
#.................. ....
#....... ......... ....
#...### ###...###


You could see a phantom, an iguana and 3 gnolls.

Vanquished Creatures
  A phantom (D:4)
  A water moccasin zombie (D:4)
  2 scorpions
  A hound (D:5)
  A jelly (D:5)
  4 orc priests
  A gnoll bouda (D:5)
  A sleepcap (D:5)
  5 orc wizards
  A scorpion zombie (D:4)
  4 hound zombies (D:4)
  6 adders
  2 gnolls (D:5)
  An adder skeleton (D:4)
  2 dart slugs
  4 ribbon worms
  31 orcs
  6 bats
  7 endoplasms
  A giant cockroach (D:2)
  9 goblins
  4 hobgoblins
  8 jackals
  A quokka (D:2)
  10 ball pythons
  6 frilled lizards
  7 kobolds
  7 rats
134 creatures vanquished.

Notes
Turn   | Place    | Note
-------+----------+-------------------------------------------
     0 | D:1      | Cheops the Minotaur Fighter began the quest for the Orb.
     0 | D:1      | Reached XP level 1. HP: 19/19 MP: 0/0
    75 | D:1      | Reached skill level 3 in Axes
   226 | D:1      | Reached XP level 2. HP: 26/26 MP: 1/1
   652 | D:1      | Reached skill level 4 in Axes
   829 | D:1      | Reached XP level 3. HP: 29/31 MP: 2/2
  1392 | D:2      | Reached skill level 5 in Axes
  1433 | D:2      | Reached XP level 4. HP: 30/39 MP: 3/3
  1751 | D:2      | Reached skill level 6 in Axes
  2099 | D:3      | Reached XP level 5. HP: 45/45 MP: 4/4
  2157 | D:3      | Found a faded altar of an unknown god.
  2224 | D:3      | Reached skill level 7 in Axes
  2288 | D:3      | Found the +7 staff of the Meek {protect, meekguard}
  2605 | D:4      | Reached XP level 6. HP: 51/51 MP: 5/5
  2663 | D:4      | Reached skill level 8 in Axes
  3011 | D:4      | Reached skill level 9 in Axes
  3093 | D:4      | Reached XP level 7. HP: 55/57 MP: 6/6
  3237 | D:4      | Reached skill level 10 in Axes
  3424 | D:4      | Found a staircase to the Ecumenical Temple.
  3519 | Temple   | Entered the Ecumenical Temple
  3534 | Temple   | Became a worshipper of Warmaster Okawaru
  3608 | D:5      | Entered Level 5 of the Dungeon
  3745 | D:5      | HP: 2/57 [poisoned by a gnoll]
  3746 | D:5      | Gained mutation: Your muscles are strong. (Str +4, Int/Dex
                  | -1) [potion of mutation]
  3746 | D:5      | Gained mutation: Your natural rate of healing is unusually
                  | fast. [potion of mutation]
  3747 | D:5      | Slain by a gnoll

Illustrated notes

Levels and vault maps discovered:
D:1:      dpeg_arrival_refuge, layout_basic, dk_noncrumbling_2
D:2:      layout_basic, serial_bayou_lagoon_a, kennysheep_generic_room_3
D:3:      layout_rooms, ebering_ecumenical_altar_ruins,
          chequers_serial_rivers_micro_b, pf_guarded_unrand_meek
D:4:      layout_rooms, minmay_temple_entry_slanted, serial_undead,
          serial_undead_a, serial_undead_c, serial_undead_e, serial_undead_c,
          nicolae_figureground_sparkle
D:5:      layout_basic, lemuel_tele_altar, ebering_ghost_sewer_d, serial_shops,
          shop, shop_scrolls, shop, kennysheep_boxes
Temple:   zaba_magenta_temple

Skill      XL: |  1  2  3  4  5  6  7 |
---------------+----------------------+-----
Axes           | 3 4 5 6 7 9 10 | 10.5
Shields        | 4 |  4.8
Fighting       | |  3.6
Armour         | |  3.6

Action                     |  1- 3 |  4- 6 |  7- 9 || total
---------------------------+-------+-------+-------++-------
  Melee: War axe           |    83 |   146 |    91 ||   320
         Headbutt          |     5 |    17 |     6 ||    28
    Use: Potion            |       |       |     4 ||     4
 Armour: Scale mail        |    30 |       |       ||    30
         Ring mail         |    31 |    96 |    43 ||   170
         Chain mail        |       |       |    44 ||    44
  Dodge: Dodged            |    47 |    58 |    29 ||   134
  Block: Buckler           |    23 |    35 |    17 ||    75
